 Dungeon Crawl Stone Soup version 0.29-a0-870-g2c972031a6 (webtiles) character file.

Game seed: 13329856603456793950

272 nxtlvl the Cutter (level 6, -2/36 HPs)
             Began as a Deep Elf Monk on July 17, 2022.
             Slain by a white imp (3 damage)
             ... on level 5 of the Dungeon.
             The game lasted 00:20:25 (2220 turns).

nxtlvl the Cutter (Deep Elf Monk)                   Turns: 2220, Time: 00:20:26

Health: -2/36      AC:  2    Str:  8    XL:     6   Next: 2%
Magic:  9/11       EV: 13    Int: 17    God:
Gold:   220        SH:  0    Dex: 17    Spells: 7/9 levels left

rFire   + . .      SeeInvis .   a - +1 dagger (drain)
rCold   . . .      Faith    .   (no shield)
rNeg    . . .      Spirit   .   e - +0 robe
rPois   +          Reflect  .   (no helmet)
rElec   .          Harm     .   (no cloak)
rCorr   .          Rampage  .   (no gloves)
Will    .....                   (no boots)
Stlth   ++........              (no amulet)
HPRegen 0.92/turn               i - ring of protection from fire
MPRegen 0.12/turn               (no ring)

@: flying
A: poison resistance, regeneration 1
a: no special abilities


You were on level 5 of the Dungeon.
You visited 1 branch of the dungeon, and saw 5 of its levels.

You collected 220 gold pieces.

Inventory:

Hand Weapons
 a - a +1 dagger of draining (weapon)
 b - a +0 sling
Missiles
 d - 28 stones (quivered)
 j - 5 poisoned darts
Armour
 e - a +0 robe (worn)
Magical Staves
 v - a staff of cold
Jewellery
 i - a ring of protection from fire (left hand)
Scrolls
 c - a scroll of enchant weapon {unknown}
 h - a scroll of silence {unknown}
 m - a scroll of teleportation {unknown}
 r - a scroll of amnesia {unknown}
 t - a scroll of vulnerability {unknown}
 u - a scroll of fog {unknown}
 w - a scroll of torment {unknown}
 y - a scroll of immolation {unknown}
Potions
 f - 2 potions of degeneration {unknown}
 g - a potion of heal wounds {unknown}
 k - 4 potions of mutation
 l - a potion of might {unknown}
 n - 2 potions of attraction {unknown}
 o - 2 potions of berserk rage {unknown}
 p - a potion of haste {unknown}
 q - 2 potions of lignification {unknown}
 s - 2 potions of flight
 x - a potion of cancellation {unknown}
 z - 2 potions of brilliance {unknown}


   Skills:
 - Level 2.4 Fighting
 + Level 4.9 Short Blades
 - Level 3.6 Dodging
 - Level 2.4 Stealth
 + Level 2.2 Spellcasting
 * Level 2.8 Conjurations
 * Level 3.0 Fire Magic


You had 7 spell levels left.
You knew the following spells:

 Your Spells              Type           Power      Damage    Failure   Level
z - Magic Dart            Conj           44%        1d5       6%          1
Z - Foxfire               Conj/Fire      44%        2x1d6     5%          1

Your spell library contained the following spells:

 Spells                   Type           Power      Damage    Failure   Level
 Conjure Flame            Conj/Fire      11%        6-21      17%         3
 Slow                     Hex            4%         N/A       19%         1
 Call Imp                 Summ           1%         N/A       28%         2
 Inner Flame              Hex/Fire       7%         N/A       30%         3
 Mephitic Cloud           Conj/Pois/Air  5%         N/A       36%         3
 Confusing Touch          Hex            1%         N/A       50%         3
 Gell's Gravitas          Tloc           1%         N/A       50%         3
 Lesser Beckoning         Tloc           1%         N/A       50%         3
 Teleport Other           Tloc           1%         N/A       50%         3
 Vampiric Draining        Necr           1%         2d6       50%         3
 Flame Wave               Conj/Fire      11%        2d5       50%         4
 Animate Armour           Summ/Erth      2%         N/A       88%         4
 Blade Hands              Tmut           0%         N/A       99%         5
 Iron Shot                Conj/Erth      3%         9d2       100%        6


Dungeon Overview and Level Annotations

Branches:
Dungeon (5/15)
 Temple: D:4-7

Altars:
Ashenzari
Elyvilon
Fedhas
Kikubaaqudgha
Makhleb
Qazlal
Wu Jian
Xom
Yredelemnul

Annotations:
D:3 Terence
D:5 Sigmund


Innate Abilities, Weirdness & Mutations

Your system is resistant to poisons. (rPois)
Your natural rate of healing is unusually fast.


Message History

You closely miss the white imp. The white imp hits you.
The white imp freezes you.
You hit the white imp.
The white imp is moderately wounded.
You hit the white imp.
The white imp is heavily wounded.
The white imp gestures at you. The puff of frost hits you.
You completely miss the white imp.
The white imp is heavily wounded.
The white imp misses you.
You hit the white imp.
You punch the white imp, but do no damage.
The white imp is severely wounded.
The white imp gestures at you. The puff of frost misses you.
You hit the white imp but do no damage.
The white imp is severely wounded.
You hit the white imp but do no damage.
The white imp is severely wounded.
The white imp hits you but does no damage.
You hit the white imp.
The white imp is almost dead.
The white imp gestures at you. The puff of frost hits you!
* * * LOW HITPOINT WARNING * * *
You closely miss the white imp.
The white imp is almost dead.
The white imp gestures at you. The puff of frost hits you!
* * * LOW HITPOINT WARNING * * *
It was a potion of mutation.
You feel extremely strange.
You begin to heal more quickly.
You feel resistant to poisons. The white imp misses you.
It was a potion of flight.
You feel very buoyant.
You fly up into the air.
The white imp hits you.
* * * LOW HITPOINT WARNING * * *
The white imp freezes you.
You die...

# z.. #......# #. #.#
.. #..##### #. #.# #.#
#..# ..#.# #5# #..#
.#.## #.####..# $..
#.......# #.#
#.#####.# #.#
#.###.#####.# ######.#
#.....5@....#
.......#######.#######
######.........#
###########


You could see a white imp.

Vanquished Creatures
  A phantom (D:4)
  A hound (D:3)
  An orc wizard (D:3)
  6 adders
  A worm (D:4)
  2 dart slugs (D:1)
  10 orcs
  6 ball pythons
  A bat (D:1)
  10 endoplasms
  3 giant cockroaches
  5 goblins
  5 hobgoblins
  6 jackals
  2 quokkas
  2 frilled lizards
  6 kobolds
  2 rats
70 creatures vanquished.

Vanquished Creatures (others)
  58 foxfires
  A plant (D:4)
59 creatures vanquished.

Grand Total: 129 creatures vanquished

Notes
Turn   | Place    | Note
-------+----------+-------------------------------------------
     0 | D:1      | nxtlvl the Deep Elf Monk began the quest for the Orb.
     0 | D:1      | Reached XP level 1. HP: 13/13 MP: 3/3
     3 | D:1      | Noticed an electric eel
     8 | D:1      | Noticed an electric eel
   133 | D:1      | Reached XP level 2. HP: 18/18 MP: 4/4
   392 | D:2      | Reached skill level 4 in Short Blades
   482 | D:2      | Reached XP level 3. HP: 21/22 MP: 5/5
   632 | D:3      | Found a basalt altar of Yredelemnul.
   808 | D:2      | Learned a level 1 spell: Foxfire
   841 | D:3      | Learned a level 1 spell: Magic Dart
   972 | D:3      | Reached skill level 1 in Conjurations
   972 | D:3      | Reached skill level 1 in Fire Magic
   972 | D:3      | Reached XP level 4. HP: 25/27 MP: 4/7
   975 | D:3      | Found a white marble altar of Elyvilon.
  1000 | D:3      | Reached skill level 1 in Spellcasting
  1027 | D:3      | Noticed Terence
  1034 | D:3      | Found a faded altar of an unknown god.
  1240 | D:3      | Found an ornate altar of the Wu Jian Council.
  1264 | D:3      | Found a broken altar of Ashenzari.
  1370 | D:4      | Found a shimmering altar of Xom.
  1479 | D:4      | Reached XP level 5. HP: 29/31 MP: 6/9
  1505 | D:4      | Found a stormy altar of Qazlal.
  1523 | D:4      | Found an ancient bone altar of Kikubaaqudgha.
  1523 | D:4      | Noticed an ogre
  1553 | D:4      | Noticed a phantom
  1557 | D:4      | Killed a phantom
  1847 | D:5      | Entered Level 5 of the Dungeon
  1847 | D:5      | Noticed Sigmund
  2008 | D:3      | Found a blossoming altar of Fedhas.
  2009 | D:3      | Found a burning altar of Makhleb.
  2104 | D:5      | Noticed an ogre
  2128 | D:5      | Reached XP level 6. HP: 36/36 MP: 6/11
  2218 | D:5      | HP: 1/36 [white imp/puff of frost (10)]
  2219 | D:5      | Gained mutation: Your natural rate of healing is unusually
                  | fast. [potion of mutation]
  2219 | D:5      | Gained mutation: Your system is resistant to poisons.
                  | (rPois) [potion of mutation]
  2220 | D:5      | Slain by a white imp

Illustrated notes

Levels and vault maps discovered:
D:1:      arrival_aquarium_b, layout_loops_corners
D:2:      layout_basic, chequers_serial_rivers_large_b
D:3:      layout_loops_ring, elyvilon_altar_3, nzn_wu_jian_council_hall,
          cheibrodos_ashenzari_chains,
          mainiacjoe_overflow_concentric_impassable, minitemple,
          hellmonk_ecumenical_altar_lost_god, hex_large, uniq_terence
D:4:      layout_loops_ring, mainiacjoe_overflow_chevrons,
          kennysheep_little_box, lemuel_tele_altar, item_on_display_a
D:5:      layout_loops_ring, mainiacjoe_overflow_boulevard,
          hangedman_decor_slide_cut, minivault_26, uniq_pikel, uniq_sigmund,
          uniq_grinder, uniq_ijyb

Skill      XL: |  1  2  3  4  5 |
---------------+----------------+-----
Short Blades   | 4 |  4.9
Conjurations   | 1 2 |  2.8
Fire Magic     | 1 3 |  3.0
Spellcasting   | 1 2 |  2.2
Fighting       | |  2.4
Dodging        | |  3.6
Stealth        | |  2.4

Action                   |  1- 3 |  4- 6 || total
-------------------------+-------+-------++-------
Melee: Short sword       |    42 |       ||    42
       Dagger            |    22 |    50 ||    72
       Punch             |       |     2 ||     2
 Fire: Sling             |    49 |       ||    49
Throw: Dart              |       |     7 ||     7
       Stone             |       |     2 ||     2
 Cast: Magic Dart        |     1 |    45 ||    46
       Foxfire           |     1 |    32 ||    33
  Use: Potion            |       |     3 ||     3
 Stab: Sleeping          |     2 |     3 ||     5
Armor: Robe              |     6 |     5 ||    11
Dodge: Dodged            |    34 |    18 ||    52

Table legend: (Time is in decaauts)
 A = Elapsed time spent in this place.
 B = Non-inter-level travel time spent in this place.
 C = Inter-level travel time spent in this place.
 D = Time resting spent in this place.
 E = Time spent auto-exploring this place.
 F = Levels seen in this place.
 G = Mean time per level.
                   A        B        C        D        E       F      G
               +--------+--------+--------+--------+--------+-----+--------+
         Total |   2231 |   2087 |    144 |      0 |     56 |   5 |  446.2 |
       Dungeon |   2231 |   2087 |    144 |      0 |     56 |   5 |  446.2 |
               +--------+--------+--------+--------+--------+-----+--------+

Top non-repeatable levels by time:
     D:3: 731 daAuts
     D:4: 558 daAuts
     D:2: 438 daAuts
     D:1: 373 daAuts
     D:5: 129 daAuts
